 Dungeon Crawl Stone Soup version 0.25.1-2-g60ff931df9 (webtiles) character file.

Game seed: 2914966757625408671

6001 Mitsuki the Fighter (level 10, -3/97 HPs)
             Began as a Ghoul Monk on Aug 4, 2020.
             Was an Elder of Kikubaaqudgha.
             Slain by a death yak (17 damage)
             ... on level 9 of the Dungeon.
             The game lasted 00:51:13 (9897 turns).

Mitsuki the Fighter (Ghoul Monk)                    Turns: 9897, Time: 00:51:14

Health: -3/97      AC:  6    Str: 28    XL:     10   Next: 85%
Magic:  12/12      EV: 16    Int:  5    God:    Kikubaaqudgha [****..]
Gold:   322        SH:  5    Dex: 14    Spells: 9/9 levels left

rFire    . . .     SeeInvis .     - Unarmed
rCold    + . .     Gourm    .   (no shield)
rNeg     + + +     Faith    .   q - +0 leather armour
rPois    ∞         Spirit   .   h - +0 helmet
rElec    .         Reflect  +   E - +0 cloak
rCorr    .         Harm     .   (no gloves)
MR       .....                  I - +0 pair of boots
Stlth    ++........             y - amulet of reflection
HPRegen  0.00/turn              i - +6 ring of strength
MPRegen  0.13/turn              u - +6 ring of strength

@: rotting
A: rotting body, claws 1, carnivore, cold resistance 1, negative energy
resistance 3, inhibited regeneration, torment resistance, unbreathing
a: Receive Corpses, Renounce Religion


You were on level 9 of the Dungeon.
You worshipped Kikubaaqudgha.
Kikubaaqudgha was greatly pleased with you.
You were not hungry.

You visited 2 branches of the dungeon, and saw 11 of its levels.

You collected 456 gold pieces.
You spent 134 gold pieces at shops.

Inventory:

Armour
 h - a +0 helmet (worn)
 q - a +0 leather armour (worn)
 E - a +0 cloak (worn)
 I - a +0 pair of boots (worn)
Magical Staves
 D - an uncursed staff of cold {unknown}
Jewellery
 d - an uncursed amulet of regeneration
 i - a +6 ring of strength (left claw)
 k - an uncursed ring of fire
 u - a +6 ring of strength (right claw)
 y - an amulet of reflection (around neck)
 C - an uncursed ring of positive energy {unknown}
Wands
 t - a wand of acid (19)
 K - a wand of enslavement (8)
 L - a wand of disintegration (10)
Scrolls
 a - 4 scrolls of enchant weapon {unknown}
 c - 2 scrolls of random uselessness {unknown}
 e - 11 scrolls of identify
 g - 8 scrolls of teleportation {unknown}
 l - 6 scrolls of remove curse {unknown}
 m - 5 scrolls of fear {unknown}
 r - 3 scrolls of fog {unknown}
 v - a scroll of magic mapping {unknown}
 z - 4 scrolls of blinking {unknown}
 A - 2 scrolls of amnesia {unknown}
 J - a scroll of immolation {unknown}
Potions
 f - 9 potions of curing {unknown}
 j - 2 potions of berserk rage {unknown}
 n - 3 potions of might {unknown}
 p - 2 potions of brilliance {unknown}
 s - 3 potions of haste
 w - a potion of stabbing {unknown}
 x - a potion of mutation {unknown}
 B - a potion of heal wounds {unknown}
 F - a potion of lignification {unknown}
 G - a potion of magic {unknown}
 H - a potion of invisibility {unknown}
Comestibles
 b - 23 rations
 o - 13 chunks of flesh


   Skills:
 * Level 12.0 Fighting
 + Level 7.4 Dodging
 - Level 2.1 Stealth
 + Level 9.2 Unarmed Combat
 - Level 4.0 Evocations


You had 9 spell levels left.
You didn't know any spells.
Your spell library contained the following spells:

 Spells                   Type           Power        Failure   Level  Hunger
 Animate Skeleton         Necr           N/A          52%         1    ##.....
 Apportation              Tloc           #.....       52%         1    ##.....
 Corona                   Hex            #......      52%         1    ##.....
 Pain                     Necr           #...         52%         1    ##.....
 Summon Small Mammal      Summ           #...         52%         1    ##.....
 Corpse Rot               Necr/Air       N/A          65%         2    ###....
 Vampiric Draining        Necr           #.........   87%         3    ####...
 Animate Dead             Necr           N/A          99%         4    #####..
 Dispel Undead            Necr           #.......     99%         4    #####..
 Agony                    Necr           #.......     100%        5    ######.
 Borgnjor's Vile Clutch   Necr/Erth      #.........   100%        5    ######.
 Simulacrum               Ice/Necr       #.........   100%        6    #######


Dungeon Overview and Level Annotations

Branches:
Dungeon (10/15)            Temple (1/1) D:6             Orc (0/2) D:10
   Lair: D:8-11

Altars:
Ashenzari
Cheibriados
Dithmenos
Elyvilon
Fedhas
Gozag
Hepliaklqana
Kikubaaqudgha
Makhleb
Nemelex Xobeh
Okawaru
Qazlal
Ru
Sif Muna
Trog
Uskayaw
Vehumet
Wu Jian
Xom
Yredelemnul
Zin
The Shining One

Shops:
D:6 :*=

Annotations:
D:7 4 runed translucent doors
D:10 3 runed translucent doors, Mryle's ghost, journeyman GnWn


Innate Abilities, Weirdness & Mutations

Your body is rotting away.
You thrive on raw meat.
You are immune to poison.
You have sharp fingernails.
You are carnivorous and can eat meat at any time.
Your flesh is cold resistant. (rC+)
You are immune to negative energy. (rN+++)
You do not regenerate when monsters are visible.
You are immune to unholy pain and torment.
You can survive without breathing.


Message History

The death yak is almost dead.
You block the death yak's attack.
You scratch the death yak.
The death yak is almost dead.
The death yak gores you!!
You take 19 damage, and have 55/97 hp.
You scratch the death yak but do no damage.
The death yak is almost dead.
The death yak gores you!!
You take 23 damage, and have 32/97 hp.
MASSIVE DAMAGE!!
You scratch the death yak but do no damage.
The death yak is almost dead.
The death yak gores you!!
* * * LOW HITPOINT WARNING * * *
You take 18 damage, and have 14/97 hp.
You completely miss the death yak.
The death yak is almost dead.
The death yak gores you!
You die...
Kikubaaqudgha rasps: "You have failed me!
Welcome... oblivion!"

.....# #.# #..# #..#
#....... .....# #.# #..#
#..# #....... .....# #.#
#..# #..# #....... .....#
#.# #..# #..# #.......
.....# #.# #..#
#..####....... .....# #.#
#..# #.............
.....# #.# #..#
#.............
.....####.# #..#
#.............
..........# #.@#
#.............
..........# #Y.#
#.............
.....####.# #..#
#............. .....#
#.#####..# #...........(.
.....# #........#
#............. ..)..#
#..####..###.............
.....# #..#
#..................
.<...# #..#
#..................
)....####..#
#..###.............


You could see a death yak.

Vanquished Creatures
  Pikel (D:7)
  A hippogriff (D:10)
  A hungry ghost (D:7)
  2 wargs (D:10)
  An acid dragon (D:8)
  An ice beast (D:7)
  8 orc warriors
  5 sky beasts
  4 slaves (D:7)
  3 phantoms
  4 ogres
  A centaur (D:9)
  A crocodile (D:7)
  2 big kobolds
  A gnoll sergeant (D:7)
  2 bullfrogs
  A wyvern zombie (D:7)
  A wyvern skeleton (D:8)
  3 scorpions
  4 wights (D:7)
  3 electric eels (D:10)
  4 howler monkeys
  6 crimson imps
  A centaur zombie (D:9)
  A gnoll shaman (D:8)
  A centaur skeleton (D:6)
  3 jellies
  9 orc priests
  4 bullfrog skeletons
  6 hounds
  10 orc wizards
  6 worker ants
  3 hound skeletons
  A howler monkey zombie (D:7)
  10 gnolls
  12 adders
  2 shadow imps
  2 oozes
  A worm (D:4)
  2 dart slugs
  5 leopard geckos
  49 orcs
  3 ball pythons
  8 giant cockroaches
  2 goblins
  9 hobgoblins
  6 jackals
  13 kobolds
  2 quokkas
  2 bats
  2 frilled lizards
  A giant cockroach zombie (D:6)
  2 leopard gecko skeletons
  8 rats
246 creatures vanquished.

Vanquished Creatures (others)
  4 plants (D:10)
4 creatures vanquished.

Grand Total: 250 creatures vanquished

Notes
Turn   | Place    | Note
-------+----------+-------------------------------------------
     0 | D:1      | Mitsuki the Ghoul Monk began the quest for the Orb.
     0 | D:1      | Reached XP level 1. HP: 19/19 MP: 0/0
   110 | D:1      | Reached XP level 2. HP: 17/26 MP: 1/1
   674 | D:1      | Reached XP level 3. HP: 33/33 MP: 2/2
   761 | D:2      | Reached skill level 4 in Fighting
   887 | D:2      | Found a sacrificial altar of Ru.
  1453 | D:2      | Reached XP level 4. HP: 34/41 MP: 3/3
  1528 | D:2      | Found a glowing golden altar of the Shining One.
  1920 | D:3      | Reached XP level 5. HP: 42/47 MP: 4/4
  1994 | D:3      | Reached skill level 5 in Fighting
  2277 | D:3      | Found a bloodstained altar of Trog.
  2830 | D:4      | Reached XP level 6. HP: 43/56 MP: 5/5
  3008 | D:4      | Found a bloodstained altar of Trog.
  3097 | D:4      | Reached skill level 5 in Unarmed Combat
  3319 | D:4      | Noticed a phantom
  3347 | D:4      | Killed a phantom
  3347 | D:4      | Reached skill level 6 in Fighting
  3671 | D:4      | Reached XP level 7. HP: 41/64 MP: 6/6
  3982 | D:5      | Entered Level 5 of the Dungeon
  4307 | D:5      | Reached skill level 7 in Fighting
  4321 | D:5      | Found a hazy altar of Hepliaklqana.
  4446 | D:5      | Found a white marble altar of Elyvilon.
  5133 | D:6      | Reached XP level 8. HP: 59/72 MP: 7/7
  5178 | D:6      | Found Lyjastoff's Assorted Antiques.
  5202 | D:6      | Bought a yellow potion for 18 gold pieces
  5202 | D:6      | Bought 2 scrolls labeled TANUX XALATEY for 40 gold pieces
  5202 | D:6      | Bought a scroll labeled FOLIXO SEUNI for 20 gold pieces
  5202 | D:6      | Bought a purple potion for 18 gold pieces
  5202 | D:6      | Bought a fizzy emerald potion for 18 gold pieces
  5202 | D:6      | Bought a scroll labeled ZUEFOECESK for 20 gold pieces
  5368 | D:6      | Found Myuz's Book Shoppe.
  5420 | D:6      | Found a staircase to the Ecumenical Temple.
  5430 | Temple   | Entered the Ecumenical Temple
  5474 | Temple   | Became a worshipper of Kikubaaqudgha
  5474 | Temple   | Reached * piety under Kikubaaqudgha
  5474 | Temple   | Identified Kikubaaqudgha's Catalogue of Necromancy
                  | (Kikubaaqudgha gifted it to you in the Ecumenical Temple)
  5474 | Temple   | Received a gift from Kikubaaqudgha
  5474 | Temple   | Reached ** piety under Kikubaaqudgha
  5529 | D:6      | Found Fexaek's Jewellery Emporium.
  5674 | D:6      | Found a hide-covered altar of Uskayaw.
  5691 | D:6      | Found a blossoming altar of Fedhas.
  5781 | D:6      | Found a stormy altar of Qazlal.
  5792 | D:6      | Found an iron altar of Okawaru.
  5874 | D:7      | Reached skill level 8 in Fighting
  6060 | D:7      | Reached skill level 5 in Dodging
  6188 | D:7      | Found a shimmering blue altar of Sif Muna.
  6432 | D:7      | Reached skill level 9 in Fighting
  6580 | D:7      | Found a basalt altar of Yredelemnul.
  6663 | D:7      | Found a large runed translucent door.
  6663 | D:7      | Found a large runed translucent door.
  6677 | D:7      | Reached skill level 1 in Evocations
  6677 | D:7      | Reached XP level 9. HP: 77/83 MP: 8/8
  6765 | D:7      | Noticed a deep elf mage
  6771 | D:7      | Found a large runed translucent door.
  6771 | D:7      | Found a large runed translucent door.
  6956 | D:8      | Noticed Pikel
  7351 | D:8      | Reached skill level 10 in Fighting
  7507 | D:8      | Reached *** piety under Kikubaaqudgha
  7507 | D:8      | Identified Kikubaaqudgha's Catalogue of Unholy Arts
                  | (Kikubaaqudgha gifted it to you on level 8 of the Dungeon)
  7507 | D:8      | Received a gift from Kikubaaqudgha
  7610 | D:7      | Killed Pikel
  7825 | D:8      | Reached XP level 10. HP: 90/94 MP: 11/11
  8236 | D:8      | Found a shimmering altar of Xom.
  8306 | D:8      | Reached skill level 11 in Fighting
  8585 | D:9      | Reached **** piety under Kikubaaqudgha
  9213 | D:10     | Entered Level 10 of the Dungeon
  9366 | D:10     | Found a runed translucent gate.
  9367 | D:10     | Found a runed translucent gate.
  9368 | D:10     | Found a runed translucent gate.
  9369 | D:10     | Noticed Mryle's ghost (journeyman GnWn)
  9369 | D:10     | Noticed a nine-headed hydra
  9686 | D:10     | Found a staircase to the Orcish Mines.
  9756 | D:10     | Reached skill level 12 in Fighting
  9836 | D:10     | Noticed a death yak
  9837 | D:10     | Noticed a death yak
  9897 | D:9      | Slain by a death yak

Illustrated notes

Levels and vault maps discovered:
D:1:      sevenhm_arrival_forest_fort_small_5, layout_rooms
D:2:      layout_basic, nicolae_ru_awakened_eye, nicolae_tso_carved_into_rock,
          first_ration
D:3:      layout_loops_ring, lemuel_crystal_altar
D:4:      layout_basic, trog_book
D:5:      layout_basic, elyvilon_altar_4, old_standard_altar
D:6:      layout_loops_cross, nicolae_overflow_quartered_altars,
          minmay_temple_entry_grid, serial_shops, shop, nicolae_shop_trees,
          nicolae_shop_window_shopping
D:7:      layout_basic, led_sif_pool, kennysheep_mini,
          minmay_hollow_rounded_squares
D:8:      layout_cave_pools, lemuel_doored_altar, special_room
          [special_room_orc], uniq_pikel
D:9:      layout_long_grid
D:10:     layout_basic, dpeg_lair_monsters, david_orc_1_choice,
          gammafunk_ghost_hydra_chop
Temple:   compressed_dpeg_circular_temple

Skill      XL: |  1  2  3  4  5  6  7  8  9 10 |
---------------+-------------------------------+-----
Unarmed Combat | 4 5 6 7 8 9 |  9.2
Fighting       | 4 5 6 7 9 10 12 | 12.0
Dodging        | 3 4 5 6 7 |  7.4
Evocations     | 1 3 4 |  4.0
Stealth        | |  2.1

Action                   |  1- 3 |  4- 6 |  7- 9 | 10-12 || total
-------------------------+-------+-------+-------+-------++-------
Melee: Unarmed           |    89 |   152 |   346 |   240 ||   827
       Punch             |       |     5 |    12 |    12 ||    29
  Use: Scroll            |       |       |     1 |       ||     1
 Stab: Sleeping          |     2 |     2 |     9 |       ||    13
  Eat: Chunk             |    12 |    19 |    52 |    61 ||   144
Armor: Robe              |    13 |     6 |       |       ||    19
       Leather armour    |       |    31 |    44 |    32 ||   107
Dodge: Dodged            |    43 |    92 |   211 |   162 ||   508
Block: Other             |       |       |    72 |    55 ||   127
       Reflection        |       |       |     5 |     2 ||     7
